 Dungeon Crawl Stone Soup version 0.28-a0-1167-g616b1c6417 (webtiles) character file.

Game seed: 5198792084083095019

350 LadyOphelia the Cudgeller (level 6, -1/53 HPs)
             Began as a Gnoll Cinder Acolyte on Dec 16, 2021.
             Was an Elder of Ignis.
             Slain by a hobgoblin (3 damage)
             ... on level 4 of the Dungeon.
             The game lasted 00:09:16 (4620 turns).

LadyOphelia the Cudgeller (Gnoll Cinder Acolyte)    Turns: 4620, Time: 00:09:17

Health: -1/53      AC:  2    Str: 15    XL:     6   Next: 60%
Magic:  11/11      EV: 12    Int: 13    God:    Ignis [****..]
Gold:   49         SH:  0    Dex:  8    Spells: 10/12 levels left

rFire   + . .      SeeInvis .   a - +1 mace (flame)
rCold   . . .      Faith    .   (no shield)
rNeg    . . .      Spirit   .   b - +0 robe
rPois   .          Reflect  .   (no helmet)
rElec   .          Harm     .   (no cloak)
rCorr   .          Rampage  .   (no gloves)
Will    .....                   (no boots)
Stlth   ++........              (no amulet)
HPRegen 0.17/turn               (no ring)
MPRegen 0.12/turn               (no ring)

@: lethally poisoned (-1 -> -4)
A: fangs 1, strong nose, distributed training
a: Renounce Religion, Fiery Armour, Foxfire Swarm, Rising Flame


You were on level 4 of the Dungeon.
You worshipped Ignis.
Ignis was greatly pleased with you.
You visited 1 branch of the dungeon, and saw 4 of its levels.

You collected 191 gold pieces.
You spent 142 gold pieces at shops.

Inventory:

Hand Weapons
 a - a +1 mace of flaming (weapon)
Armour
 b - a +0 robe (worn)
 h - the +3 robe "Ampaschiolo" {Str+3 Int-4 Slay+2 SInv}
   (You bought it in a shop on level 3 of the Dungeon)

   Str:       It affects your strength (+3).
   Int:       It affects your intelligence (-4).
   Slay:      It affects your accuracy & damage with ranged weapons and melee
   (+2).
   SInv:      It lets you see invisible.
Scrolls
 g - a scroll of teleportation (quivered)
Potions
 c - 2 potions of heal wounds {unknown}
 d - a potion of curing {unknown}
 e - a potion of brilliance
 f - a potion of haste {unknown}
 i - a potion of berserk rage {unknown}


   Skills:
 + Level 6.8 Fighting
 + Level 2.0 Short Blades
 + Level 2.0 Long Blades
 + Level 2.0 Axes
 + Level 6.8 Maces & Flails
 + Level 2.0 Polearms
 + Level 2.0 Staves
 + Level 2.0 Slings
 + Level 2.0 Bows
 + Level 2.0 Crossbows
 + Level 2.0 Throwing
 + Level 2.0 Armour
 + Level 2.0 Dodging
 + Level 2.0 Stealth
 + Level 2.0 Shields
 + Level 2.0 Unarmed Combat
 + Level 3.5 Spellcasting
 + Level 1.6 Conjurations
 + Level 1.6 Hexes
 + Level 1.6 Summonings
 + Level 1.6 Necromancy
 + Level 1.6 Translocations
 + Level 1.6 Transmutations
 + Level 5.7 Fire Magic
 + Level 1.6 Ice Magic
 + Level 1.6 Air Magic
 + Level 1.6 Earth Magic
 + Level 1.6 Poison Magic
 + Level 2.2 Invocations
 + Level 2.0 Evocations


You had 10 spell levels left.
You knew the following spells:

 Your Spells              Type           Power      Damage    Failure   Level
a - Scorch                Fire           34%        2d6       3%          2

Your spell library contained the following spells:

 Spells                   Type           Power      Damage    Failure   Level


Dungeon Overview and Level Annotations

Branches:
Dungeon (4/15)
 Temple: D:4-7

Altars:
Elyvilon
Makhleb
Trog

Shops:
D:1 :   D:3 [


Innate Abilities, Weirdness & Mutations

You have very sharp teeth.
Your uncanny sense of smell can sniff out nearby items.
Your experience applies equally to all skills.


Message History

The ufetubus misses you. The ufetubus hits you.
You hit the ufetubus. You burn the ufetubus.
The ufetubus is heavily wounded.
The ufetubus barely misses you. The ufetubus hits you. x2
The ufetubus barely misses you. The hobgoblin closely misses you.
You sock the ufetubus! You burn the ufetubus.
You kill the ufetubus!
The ball python barely misses you. The ball python grabs you.
The ball python constricts you. The hobgoblin closely misses you.
You hit the ball python. You burn the ball python.
You kill the ball python!
The hobgoblin hits you. The quokka bites you.
* * * LOW HITPOINT WARNING * * *
The hobgoblin closely misses you. The adder bites you.
* * * LOW HITPOINT WARNING * * *
The quokka bites you but does no damage.
You closely miss the quokka. The adder barely misses you.
The quokka barely misses you. The hobgoblin barely misses you.
You hit the quokka. You burn the quokka.
The quokka is severely wounded.
The adder bites you.
* * * LOW HITPOINT WARNING * * *
The quokka bites you.
* * * LOW HITPOINT WARNING * * *
The hobgoblin closely misses you.
You closely miss the quokka.
The quokka is severely wounded.
The adder bites you.
* * * LOW HITPOINT WARNING * * *
You are poisoned.
The adder poisons you! The quokka bites you.
* * * LOW HITPOINT WARNING * * *
The hobgoblin hits you but does no damage.
The adder barely misses you.
You completely miss the quokka.
The quokka is severely wounded.
* * * LOW HITPOINT WARNING * * *
You feel sick. The quokka misses you. The adder bites you but does no damage.
The hobgoblin hits you.
You die...

## ### ########. #..#
#....#<.# ##### #..###
#.....## .....####..##
##.....# .........#..##
#...... ........†##..##
##......
......g..###..###.##....
......r@.# ##..#.#####..
......S...# ##...# ###
..........# ##.##
..........# #.#
..........# ..#
..........# #.##
..........# #.
.........## ##


You could see an adder, a quokka and a hobgoblin.

Vanquished Creatures
  Sigmund (D:3)
  2 orc priests (D:3)
  An iguana (D:4)
  3 adders (D:2)
  An ufetubus (D:4)
  4 worms
  2 dart slugs
  3 orcs (D:3)
  12 bats
  2 endoplasms
  2 giant cockroaches
  5 goblins
  7 hobgoblins
  5 quokkas
  4 ball pythons
  6 frilled lizards
  6 kobolds
  6 rats
72 creatures vanquished.

Notes
Turn   | Place    | Note
-------+----------+-------------------------------------------
     0 | D:1      | LadyOphelia the Gnoll Cinder Acolyte began the quest for
                  | the Orb.
     0 | D:1      | Reached XP level 1. HP: 23/23 MP: 4/4
   376 | D:1      | Reached XP level 2. HP: 25/29 MP: 5/5
   886 | D:1      | Found Ifarerch's Book Shoppe.
  1007 | D:1      | Reached XP level 3. HP: 34/35 MP: 7/7
  1788 | D:2      | Reached skill level 1 in Invocations
  2299 | D:2      | Reached skill level 1 in Short Blades
  2299 | D:2      | Reached skill level 1 in Long Blades
  2299 | D:2      | Reached skill level 1 in Axes
  2299 | D:2      | Reached skill level 1 in Polearms
  2299 | D:2      | Reached skill level 1 in Staves
  2299 | D:2      | Reached skill level 1 in Slings
  2299 | D:2      | Reached skill level 1 in Bows
  2299 | D:2      | Reached skill level 1 in Crossbows
  2299 | D:2      | Reached skill level 1 in Throwing
  2299 | D:2      | Reached skill level 1 in Armour
  2299 | D:2      | Reached skill level 1 in Dodging
  2299 | D:2      | Reached skill level 1 in Stealth
  2299 | D:2      | Reached skill level 1 in Shields
  2299 | D:2      | Reached skill level 1 in Unarmed Combat
  2299 | D:2      | Reached skill level 1 in Evocations
  2304 | D:2      | Learned a level 2 spell: Scorch
  2496 | D:2      | Reached XP level 4. HP: 41/41 MP: 8/8
  3091 | D:2      | Found a faded altar of an unknown god.
  3393 | D:3      | Found a bloodstained altar of Trog.
  3410 | D:3      | Found a burning altar of Makhleb.
  3469 | D:3      | Reached skill level 1 in Conjurations
  3469 | D:3      | Reached skill level 1 in Hexes
  3469 | D:3      | Reached skill level 1 in Summonings
  3469 | D:3      | Reached skill level 1 in Necromancy
  3469 | D:3      | Reached skill level 1 in Translocations
  3469 | D:3      | Reached skill level 1 in Transmutations
  3469 | D:3      | Reached skill level 1 in Ice Magic
  3469 | D:3      | Reached skill level 1 in Air Magic
  3469 | D:3      | Reached skill level 1 in Earth Magic
  3469 | D:3      | Reached skill level 1 in Poison Magic
  3730 | D:3      | Found Doig's Antique Armour Shoppe.
  3737 | D:3      | Bought a shadowed robe for 142 gold pieces
  3737 | D:3      | Identified the +3 robe "Ampaschiolo" {Str+3 Int-4 Slay+2
                  | SInv} (You bought it in a shop on level 3 of the Dungeon)
  3772 | D:3      | Reached XP level 5. HP: 22/47 MP: 9/9
  4095 | D:3      | Noticed Sigmund
  4102 | D:3      | Killed Sigmund
  4103 | D:3      | Reached XP level 6. HP: 46/53 MP: 9/11
  4252 | D:3      | Found a white marble altar of Elyvilon.
  4620 | D:4      | HP: 2/53 [poisoned by an adder]
  4620 | D:4      | Slain by a hobgoblin

Illustrated notes

Levels and vault maps discovered:
D:1:      roderic_chinese_lattice_arrival, layout_basic, serial_shops, shop
D:2:      layout_basic, shapermc_ecumenical_altar_notcrosses
D:3:      layout_loops_cross, nicolae_elyvilon_temple_path,
          mainiacjoe_overflow_swirl, serial_shops, shop, uniq_sigmund
D:4:      layout_cave_pods, ebering_ghost_sewer_f

Skill      XL: |  1  2  3  4  5 |
---------------+----------------+-----
Invocations    | 1 2 |  2.2
Short Blades   | 1 2 |  2.0
Long Blades    | 1 2 |  2.0
Axes           | 1 2 |  2.0
Polearms       | 1 2 |  2.0
Staves         | 1 2 |  2.0
Slings         | 1 2 |  2.0
Bows           | 1 2 |  2.0
Crossbows      | 1 2 |  2.0
Throwing       | 1 2 |  2.0
Armour         | 1 2 |  2.0
Dodging        | 1 2 |  2.0
Stealth        | 1 2 |  2.0
Shields        | 1 2 |  2.0
Unarmed Combat | 1 2 |  2.0
Evocations     | 1 2 |  2.0
Spellcasting   | 3 |  3.5
Conjurations   | 1 |  1.6
Hexes          | 1 |  1.6
Summonings     | 1 |  1.6
Necromancy     | 1 |  1.6
Translocations | 1 |  1.6
Transmutations | 1 |  1.6
Ice Magic      | 1 |  1.6
Air Magic      | 1 |  1.6
Earth Magic    | 1 |  1.6
Poison Magic   | 1 |  1.6
Fighting       | |  6.8
Maces & Flails | |  6.8
Fire Magic     | |  5.7

Action                   |  1- 3 |  4- 6 || total
-------------------------+-------+-------++-------
Melee: Mace              |   104 |   114 ||   218
       Bite              |     7 |     5 ||    12
Invok: Fiery Armour      |     2 |     2 ||     4
  Use: Scroll            |     4 |     2 ||     6
       Potion            |     2 |       ||     2
Armor: Robe              |    43 |    21 ||    64
Dodge: Dodged            |    87 |    88 ||   175

Table legend: (Time is in decaauts)
 A = Elapsed time spent in this place.
 B = Non-inter-level travel time spent in this place.
 C = Inter-level travel time spent in this place.
 D = Time resting spent in this place.
 E = Time spent auto-exploring this place.
 F = Levels seen in this place.
 G = Mean time per level.
                   A        B        C        D        E       F      G
               +--------+--------+--------+--------+--------+-----+--------+
         Total |   4635 |   4542 |     93 |   1309 |   2593 |   4 | 1158.8 |
       Dungeon |   4635 |   4542 |     93 |   1309 |   2593 |   4 | 1158.8 |
               +--------+--------+--------+--------+--------+-----+--------+

Top non-repeatable levels by time:
     D:2: 1797 daAuts
     D:1: 1404 daAuts
     D:3: 1385 daAuts
     D:4: 47 daAuts
